 Dungeon Crawl Stone Soup version 0.28-a0-1518-gbe868bca14 (webtiles) character file.

Game seed: 12573085537646225519

102 issech the Shield-Bearer (level 4, -5/44 HPs)
             Began as a Troll Fighter on Jan 16, 2022.
             Shot with an arrow by a centaur (9 damage)
             ... on level 3 of the Dungeon.
             The game lasted 00:15:08 (3282 turns).

issech the Shield-Bearer (Troll Fighter)            Turns: 3282, Time: 00:15:09

Health: -5/44      AC:  4    Str: 26    XL:     4   Next: 49%
Magic:  3/3        EV:  8    Int:  4    God:
Gold:   38         SH:  7    Dex:  9    Spells: 3/3 levels left

rFire   . . .      SeeInvis .   a - +0 flail
rCold   . . .      Faith    .   c - +0 kite shield
rNeg    . . .      Spirit   .   b - +0 robe
rPois   +          Reflect  .   (helmet restricted)
rElec   .          Harm     .   (no cloak)
rCorr   .          Rampage  .   (gloves unavailable)
Will    .....                   (boots unavailable)
Stlth   +.........              (no amulet)
HPRegen 0.94/turn               r - ring of flight
MPRegen 0.08/turn               q - ring of poison resistance

@: flying
A: large, unfitting armour, claws 3, regeneration 1, shaggy fur 1, tough skin 1
a: no special abilities


You were on level 3 of the Dungeon.
You visited 1 branch of the dungeon, and saw 3 of its levels.

You collected 38 gold pieces.

Inventory:

Hand Weapons
 a - a +0 flail (weapon)
 g - a +0 dagger
 h - a +0 short sword
 m - a +0 whip
 o - a +0 dagger
 p - a +0 whip
 u - a +0 flail
 y - a +0 dagger
 z - a +0 dagger
 A - a +1 vorpal spear
 C - a +0 club
 D - a +0 flail
 E - a +0 club
Missiles
 i - 125 stones (quivered)
 t - 7 sling bullets
 F - 46 arrows
 G - a throwing net
Armour
 b - a +0 robe (worn)
 c - a +0 kite shield (worn)
 j - a +0 scale mail
 s - a +0 ring mail
 w - a +0 ring mail
Jewellery
 q - a ring of poison resistance (right claw)
 r - a ring of flight (left claw)
Scrolls
 f - 3 scrolls of identify {unknown}
 k - 2 scrolls of magic mapping {unknown}
 v - a scroll of silence {unknown}
 B - a scroll of amnesia {unknown}
Potions
 d - a potion of might
 e - a potion of mutation {unknown}
 l - 2 potions of invisibility {unknown}
 n - a potion of curing {unknown}
 x - a potion of haste {unknown}


   Skills:
 + Level 2.9 Fighting
 + Level 2.8 Maces & Flails
 + Level 2.9 Dodging
 + Level 0.1 Stealth
 + Level 3.0 Shields


You had 3 spell levels left.
You didn't know any spells.
Your spell library was empty.

Dungeon Overview and Level Annotations

Branches:
Dungeon (3/15)

Altars:
Ashenzari


Innate Abilities, Weirdness & Mutations

You are too large for most types of armour.
You have claws for hands.
Your natural rate of healing is unusually fast.
You are covered in fur. (AC +1)
You have tough skin. (AC +1)


Message History

You see here 17 arrows.
You see here 17 arrows.
F - 17 arrows
Found a throwing net.
G - a throwing net
There are no items here.
The adder hisses angrily.
The adder barely misses you.
You closely miss the adder. You block the adder's attack. The adder bites you.
You closely miss the adder.
The adder bites you but does no damage. x2
You hit the adder.
The adder is heavily wounded.
The adder bites you. x2
You closely miss the adder.
The adder is heavily wounded.
The adder barely misses you. The adder bites you but does no damage.
You closely miss the adder.
The adder is moderately wounded.
You block the adder's attack. The adder bites you but does no damage.
You thump the adder!
You kill the adder!
Found a stone staircase leading down.
There is a stone staircase leading down here.
Found 29 arrows.
F - 46 arrows (gained 29)
A centaur comes into view.
The centaur wields a +0 shortbow.
The centaur shoots an arrow.
The arrow hits you!
The centaur shoots an arrow.
The arrow hits you!
The centaur shoots an arrow.
The arrow hits you!
The centaur shoots an arrow.
The arrow hits you!
* * * LOW HITPOINT WARNING * * *
The centaur shoots an arrow.
You block the arrow.
The centaur shoots an arrow.
The arrow closely misses you.
The centaur shoots an arrow.
The arrow hits you!
* * * LOW HITPOINT WARNING * * *
The centaur shoots an arrow.
You block the arrow.
There is a stone staircase leading down here.
The centaur shoots an arrow.
The arrow hits you!
You die...

## .# .# .#
########.#######
#..........c...#
#......#.#####.#
#.####.#c#####.######
#...@................
#.##.#.#.#####.##....
#.#.#.# #.##....
#.#.#.# #.###.## #
#.#.#.# #.# #..#
#.##.#.#.# #.# ##.#
#......#.# #.# #..
#.####.###.#####.#
##.
#........#.#.....# #.


You could see a centaur.

Vanquished Creatures
  3 gnolls (D:3)
  2 adders
  4 worms
  A dart slug (D:1)
  3 endoplasms
  3 giant cockroaches
  2 goblins (D:3)
  2 hobgoblins
  3 jackals (D:3)
  A quokka (D:2)
  5 ball pythons
  6 bats
  2 frilled lizards (D:3)
  3 kobolds
  3 rats
43 creatures vanquished.

Vanquished Creatures (others)
  11 demonic plants (D:1)
  9 fungi (D:1)
  6 plants (D:1)
  4 withered plants (D:1)
30 creatures vanquished.

Grand Total: 73 creatures vanquished

Notes
Turn   | Place    | Note
-------+----------+-------------------------------------------
     0 | D:1      | issech the Troll Fighter began the quest for the Orb.
     0 | D:1      | Reached XP level 1. HP: 22/22 MP: 0/0
   251 | D:1      | Reached XP level 2. HP: 29/29 MP: 1/1
   267 | D:1      | Found a faded altar of an unknown god.
  1512 | D:2      | Reached XP level 3. HP: 33/36 MP: 2/2
  2636 | D:3      | Found a broken altar of Ashenzari.
  2783 | D:3      | Reached skill level 3 in Shields
  2783 | D:3      | Reached XP level 4. HP: 16/44 MP: 3/3
  2808 | D:3      | HP: 1/44 [gnoll (2)]
  3273 | D:3      | Noticed a centaur
  3280 | D:3      | HP: 2/44 [centaur/arrow (11)]
  3282 | D:3      | Shot with an arrow by a centaur

Illustrated notes

Levels and vault maps discovered:
D:1:      eino_arrival_water_star, layout_loops_ring,
          shapermc_ecumenical_altar_gd
D:2:      layout_basic, serial_co_window_serial, co_window_paths_a,
          co_window_corner_a, co_window_paths_a, co_window_corner_a,
          co_window_corner_a, co_window_corner_b, co_window_broadway_b,
          co_window_2corner, co_window_of_opportunity_b,
          co_window_of_opportunity_b, co_window_corner_b, co_window_paths_e,
          co_window_4corner_b, glass_columns_a, glass_columns_c,
          glass_columns_a, glass_columns_c, glass_columns_a,
          chequers_decorated_corner
D:3:      layout_basic, lemuel_round_altar, st_stairs_9

Skill      XL: |  1  2  3 |
---------------+----------+-----
Maces & Flails | 2 |  2.8
Shields        | 3 |  3.0
Fighting       | |  2.9
Dodging        | |  2.9
Stealth        | |  0.1

Action                   |  1- 3 |  4- 6 || total
-------------------------+-------+-------++-------
Melee: Flail             |   229 |    34 ||   263
Throw: Stone             |     3 |       ||     3
Armor: Robe              |    51 |     6 ||    57
Dodge: Dodged            |    58 |    11 ||    69
Block: Kite shield       |    63 |    11 ||    74

Table legend: (Time is in decaauts)
 A = Elapsed time spent in this place.
 B = Non-inter-level travel time spent in this place.
 C = Inter-level travel time spent in this place.
 D = Time resting spent in this place.
 E = Time spent auto-exploring this place.
 F = Levels seen in this place.
 G = Mean time per level.
                   A        B        C        D        E       F      G
               +--------+--------+--------+--------+--------+-----+--------+
         Total |   3401 |   3401 |      0 |      0 |   1556 |   3 | 1133.7 |
       Dungeon |   3401 |   3401 |      0 |      0 |   1556 |   3 | 1133.7 |
               +--------+--------+--------+--------+--------+-----+--------+

Top non-repeatable levels by time:
     D:2: 1656 daAuts
     D:1: 975 daAuts
     D:3: 769 daAuts
